Map: Odyssey LE

Players

VortiX

  • Race: Zerg Zerg
  • Spawn Location: 11:00

souL - Winner!

  • Race: Terran Terran
  • Spawn Location: 5:00

Event: WCS Valencia 2017

VOD

Have the link to the VOD?

Description

Time

  • Played on: July 13, 2017, 7:10 a.m.
  • Length: 9:57

All games in this series

Show
View Real Time Build Order
Export as new Build Order

VortiX Zerg 

Build Orders: Hatch First 

Get SALT Encoding   

  12  0:00  Drone  
  13  0:12  Overlord  
  13  0:16  Drone  
  14  0:30  Drone x2  
  14  0:34  Drone  
  17  0:52  Hatchery  
  17  0:54  Drone  
  17  0:57  Drone  
  18  1:08  Extractor  
  17  1:12  Spawning Pool  
  17  1:15  Drone  
  17  1:18  Drone  
  18  1:28  Drone  
  19  1:39  Overlord  
  19  1:58  Queen  
  19  1:59  Zergling x2  
  19  2:00  Zergling x2  
  23  2:03  Queen  
  23  2:04  Drone  
  26  2:08  Metabolic Boost  
  26  2:11  Drone  
  26  2:14  Drone  
  28  2:29  Hatchery  
  27  2:36  Queen  
  29  2:45  Queen  
  31  2:52  Overlord  
  31  2:56  Zergling x4  
  33  2:59  Zergling x4  
  35  3:08  Zergling x2  
  36  3:23  Drone x2  
  36  3:24  Drone x3  
  39  3:29  Zergling x6  
  42  3:34  Overlord  
  42  3:41  Zergling x2  
  42  3:42  Zergling x2  
  42  3:44  Queen  
  46  3:50  Drone x3  
  49  3:56  Zergling x2  
  49  3:57  Drone x2  
  52  4:04  Drone x3  
  52  4:05  Drone  
  52  4:09  Overlord  
  56  4:12  Drone  
  57  4:25  Drone, Overlord  
  57  4:27  Queen  
  57  4:29  Drone x3  
  57  4:30  Drone  
  63  4:35  Overlord  
  63  4:38  Zergling x4  
  64  4:48  Zergling x6  
  64  4:49  Zergling x8  
  71  4:54  Extractor  
  68  5:04  Zergling x4  
  68  5:05  Zergling x10  
  68  5:06  Zergling x6  
  77  5:18  Drone x2, Overlord  
  79  5:23  Roach Warren  
  78  5:32  Drone, Overlord  
  78  5:33  Drone x3, Overlord  
  78  5:34  Overlord  
  80  5:54  Overlord  
  77  6:04  Roach  
  77  6:05  Roach x9  
  96  6:15  Roach x2  
  96  6:16  Roach x4  
  107  6:20  Overlord x2  
  107  6:26  Ravager x2  
  107  6:29  Overlord  
  101  6:33  Roach  
  101  6:34  Zergling x10, Roach  
  97  6:42  Ravager  
  98  6:47  Zergling x12  
  98  6:48  Zergling x2  
  98  6:54  Ravager  
  106  6:55  Zergling x8  
  106  6:56  Zergling x4  
  99  7:09  Zergling x4, Roach x2  
  99  7:10  Zergling x4  
  103  7:16  Ravager  
  103  7:17  Zergling x2  
  103  7:18  Zergling x10  
  108  7:23  Zergling x2  
  108  7:24  Zergling x4  
  108  7:29  Zergling x4  
  108  7:33  Zergling x2  
  108  7:35  Ravager  
  109  7:38  Zergling x8  
  109  7:44  Ravager  
  110  7:58  Zergling x2  
  105  7:59  Zergling x18  
  105  8:05  Ravager  
  115  8:09  Zergling x6, Roach x2  
  122  8:13  Extractor  
  114  8:21  Ravager  
  115  8:27  Zergling x10  
  115  8:28  Zergling x8  
  122  8:41  Zergling x12  
  117  8:49  Ravager x2  
  117  8:50  Zergling x8  
  123  8:56  Zergling x4  
  123  8:58  Ravager  
  126  9:03  Zergling x2  
  126  9:04  Zergling x6  
  126  9:05  Zergling x4  
  130  9:15  Zergling x2  
  130  9:16  Zergling x6  
  125  9:17  Hatchery  
  125  9:18  Ravager x2  
  125  9:19  Zergling x2  
  125  9:20  Zergling x8  
  131  9:25  Zergling x2  
  132  9:31  Zergling x4  
  132  9:32  Zergling x6  
Show
View Real Time Build Order
Export as new Build Order

souL Terran - Winner!

Build Orders: MMM Bio 

Get SALT Encoding   

  12  0:00  SCV  
  13  0:12  SCV  
  14  0:18  Supply Depot  
  14  0:24  SCV  
  14  0:27  Refinery  
  15  0:40  SCV  
  16  0:45  Barracks  
  16  0:52  SCV  
  17  1:06  Barracks  
  17  1:07  SCV  
  18  1:19  SCV  
  19  1:27  Barracks  
  19  1:34  Reaper  
  20  1:41  Orbital Command  
  20  1:53  Reaper  
  21  1:55  Supply Depot  
  21  1:59  Refinery  
  21  2:06  Reaper  
  22  2:14  Reaper  
  23  2:17  Supply Depot  
  23  2:18  SCV  
  24  2:29  Reaper  
  25  2:30  SCV  
  26  2:38  Reaper  
  26  2:42  SCV  
  28  2:46  Reaper  
  29  2:54  SCV  
  30  3:01  Reaper  
  30  3:03  Command Center  
  31  3:10  Reaper  
  31  3:11  SCV  
  33  3:18  Reaper  
  34  3:23  SCV  
  35  3:29  Supply Depot  
  35  3:33  Reaper  
  36  3:35  SCV  
  37  3:42  Reaper  
  37  3:48  SCV  
  39  3:51  Reaper  
  39  3:54  Barracks  
  40  3:57  Barracks  
  40  4:00  SCV  
  41  4:05  Reaper  
  41  4:07  Refinery  
  42  4:12  SCV  
  42  4:15  Reaper  
  42  4:16  Orbital Command  
  44  4:23  Reaper  
  44  4:24  Engineering Bay, Refinery  
  45  4:34  SCV  
  45  4:37  Reaper  
  47  4:46  SCV, Reaper  
  47  4:47  Reaper  
  47  4:48  SCV  
  47  4:51  Supply Depot  
  51  4:53  Terran Infantry Weapons Level 1  
  51  4:55  Reaper  
  51  4:59  Reaper  
  53  5:00  SCV  
  54  5:08  SCV  
  54  5:09  Reaper  
  56  5:18  Reaper  
  56  5:19  SCV, Reaper  
  60  5:24  Supply Depot  
  60  5:26  SCV  
  60  5:27  Reaper  
  61  5:31  SCV, Reaper  
  63  5:38  SCV  
  63  5:41  Reaper  
  65  5:43  SCV  
  66  5:50  SCV  
  66  5:56  SCV  
  70  6:02  SCV  
  73  6:08  SCV  
  74  6:15  SCV  
  74  6:16  Command Center  
  76  6:20  Barracks Reactor x2, SCV, Barracks Tech Lab x2  
  76  6:24  Factory  
  72  6:27  Barracks Reactor, SCV  
  72  6:32  SCV  
  68  6:40  Combat Shields  
  68  6:41  Stimpack  
  68  6:42  SCV  
  68  6:44  SCV  
  70  6:47  Marine  
  70  6:48  Terran Infantry Armor Level 1  
  71  6:55  SCV, Marine  
  71  6:58  Marine x4  
  77  7:05  Marine  
  78  7:13  Marine x2  
  78  7:14  Starport  
  78  7:15  SCV  
  78  7:23  Supply Depot  
  78  7:24  Marine  
  78  7:27  Marine x5  
  78  7:29  Orbital Command  
  83  7:31  Marine x2, Supply Depot  
  83  7:34  Factory Reactor  
  83  7:35  Factory Tech Lab  
  85  7:39  Bunker  
  85  7:42  Marine  
  85  7:45  Marine x3, Factory Reactor  
  85  7:46  SCV  
  85  7:49  Marauder, Armory  
  93  7:52  Engineering Bay  
  93  7:58  Marine  
  94  8:03  SCV x2  
  94  8:04  Orbital Command  
  94  8:08  Barracks Reactor, Marine  
  94  8:09  Marine  
  94  8:12  Medivac x2  
  100  8:15  SCV  
  100  8:16  SCV  
  100  8:18  Supply Depot  
  100  8:19  Supply Depot  
  100  8:20  Marine  
  100  8:24  Marine  
  100  8:25  Marine x2  
  100  8:26  Marine  
  105  8:27  Concussive Shells  
  105  8:28  SCV x2  
  105  8:31  Factory Tech Lab  
  106  8:35  SCV  
  106  8:40  SCV  
  108  8:44  Marine  
  108  8:45  Marine x7  
  108  8:47  SCV  
  113  9:01  Marine  
  114  9:03  Siege Tank  
  114  9:04  Marauder x2  
  114  9:06  Marine  
  114  9:07  Marine x3  
Tags
 
Add a new tag
Caveats
  • Supply blocks, unpowered buildings, or Contaminate may cause inaccurate times.
  • Supply counts are checked every 10 seconds.